Map: Kairos Junction LE

Players

SpeCial

  • Race: Terran Terran
  • Spawn Location: 5:00

Stats - Winner!

  • Race: Protoss Protoss
  • Spawn Location: 11:00

Event: IEM Season 13: Katowice (2019)

VOD

Have the link to the VOD?

Description

Time

  • Played on: Feb. 28, 2019, 5:36 a.m.
  • Length: 6:20

All games in this series

Show
View Real Time Build Order
Export as new Build Order

SpeCial Terran 

Build Orders: Cyclone Opening, Gas First Reaper Expand 

Get SALT Encoding   

  12  0:00  SCV  
  13  0:13  SCV  
  14  0:17  Supply Depot  
  14  0:25  SCV  
  14  0:28  Refinery  
  15  0:39  SCV  
  16  0:44  Barracks  
  16  0:51  SCV  
  17  1:03  SCV  
  18  1:15  SCV  
  19  1:31  Reaper, Orbital Command  
  20  1:43  Command Center  
  20  1:54  Factory  
  20  1:58  SCV  
  21  2:03  Barracks Tech Lab  
  21  2:10  SCV  
  21  2:14  Supply Depot  
  22  2:16  Refinery  
  22  2:22  SCV  
  23  2:30  Barracks Reactor  
  23  2:35  Barracks, SCV  
  24  2:50  Cyclone  
  26  2:53  SCV  
  27  3:04  Barracks  
  27  3:05  SCV  
  28  3:09  Marine x2  
  30  3:17  SCV  
  31  3:20  Orbital Command  
  31  3:26  Barracks Tech Lab  
  30  3:27  Marine x2  
  30  3:32  Siege Tank  
  35  3:36  SCV  
  35  3:41  Supply Depot  
  36  3:45  Marine  
  36  3:46  SCV  
  36  3:48  Marine  
  39  3:52  Marine  
  39  3:53  Marine  
  41  4:02  SCV  
  41  4:03  Marine  
  41  4:06  Siege Tank, Marine  
  44  4:11  SCV  
  44  4:14  SCV, Marine  
  46  4:19  Combat Shield  
  46  4:22  Marine  
  46  4:23  SCV  
  48  4:26  SCV  
  48  4:30  Supply Depot  
  49  4:36  Marine  
  49  4:37  Marine  
  51  4:38  Engineering Bay  
  51  4:40  SCV  
  51  4:41  SCV  
  51  4:42  Marine  
  54  4:47  Marine  
  54  4:52  Siege Tank  
  56  4:55  SCV x2  
  58  5:03  Supply Depot  
  58  5:05  Missile Turret  
  58  5:09  SCV  
  58  5:11  SCV  
  58  5:13  Marine x2  
  62  5:18  Missile Turret  
  62  5:21  Marine  
  62  5:22  Marine  
  62  5:26  SCV x2  
  62  5:28  Siege Tank  
  65  5:35  Marine x2  
  65  5:38  SCV  
  65  5:39  Marine x2  
  70  5:44  Supply Depot  
  70  5:59  SCV  
  70  6:01  Marine x2  
  70  6:02  SCV, Marine x2  
Show
View Real Time Build Order
Export as new Build Order

Stats Protoss - Winner!

Build Orders: 1 Gate Expand, Oracle Opening 

Get SALT Encoding   

  12  0:00  Probe  
  13  0:12  Probe  
  14  0:16  Pylon  
  14  0:23  Probe  
  15  0:31  Probe  
  16  0:36  Gateway  
  16  0:39  Probe  
  16  0:45  Assimilator  
  17  0:51  Probe  
  18  1:03  Probe  
  19  1:15  Probe  
  20  1:23  Cybernetics Core  
  20  1:31  Nexus  
  20  1:34  Probe  
  21  1:41  Pylon  
  21  1:47  Probe  
  21  1:49  Assimilator  
  21  1:50  Adept  
  22  1:59  Probe  
  25  2:10  Adept  
  25  2:11  Probe  
  28  2:26  Probe  
  29  2:30  Stargate  
  29  2:37  Warp Gate  
  29  2:39  Probe  
  29  2:42  Adept  
  31  2:47  Probe  
  31  2:51  Probe  
  33  2:55  Probe  
  33  3:03  Probe, Oracle  
  33  3:04  Probe  
  36  3:15  Probe x2  
  36  3:18  Pylon  
  41  3:27  Probe x2  
  43  3:35  Gateway  
  43  3:39  Gateway, Probe x2  
  47  3:44  Oracle  
  47  3:46  Pylon  
  48  3:51  Probe x2  
  48  4:12  Oracle  
  48  4:14  Probe x2  
  48  4:16  Assimilator  
  43  4:18  Gateway x3  
  46  4:25  Twilight Council  
  46  4:30  Probe x2  
  48  4:32  Stalker  
  48  4:33  Assimilator  
  50  4:40  Stalker  
  54  4:45  Probe x2  
  54  4:55  Stalker x2  
  58  5:00  Shield Battery  
  58  5:02  Pylon  
  58  5:03  Pylon  
  58  5:19  Stalker x2  
  62  5:23  Pylon  
  62  5:31  Stalker x2  
  66  5:44  Stalker x3  
  66  5:46  Pylon  
  66  5:48  Stalker  
  74  6:02  Stalker x2  
  70  6:08  Stalker x2  
  70  6:10  Stalker  

Tags
 
Add a new tag
Caveats
  • Supply blocks, unpowered buildings, or Contaminate may cause inaccurate times.
  • Supply counts are checked every 10 seconds.